AoeStats
← Jappe42

Black Forest

510046980Analyzed
4v4 RM · 2d ago on Sep 29, 2026· 36m 33s· 8 players
Game mode
Random Map
Map size
Large (8 player)
Population
200
Speed
Normal
Resources
Standard
Victory
Conquest
Starting age
Dark Age
Ending age
Imperial Age
RankedLock teamsTeams togetherTeam positionsShared explorationLock speedFull tech treeHidden civsTurbo modeCheats
Victory
Defeat
🇧🇪 Poles · Belgium
902
+8
🇬🇧 Khmer · United Kingdom
874
+8
🇨🇳 Magyars · China
821
+10
🇮🇳 Britons · India
715
+14
🇺🇸 Malians · United States
707
-11
🇺🇸 Khmer · United States
704
-10
🇹🇼 Mongols · Taiwan
681
-10
🇨🇳 Japanese · China
665
-9
linsanity1105
12:59 Feudal Age
18:28 Castle Age
17:58 Double-Bit Axe
17:56 Horse Collar
18:09 Gold Mining
18:17 Stone Mining
20:25 Heavy Plow
21:10 Bow Saw
23:05 Loom
25:22 Wheelbarrow
25:51 Gold Shaft Mining
27:51 Hand Cart
33:02 Imperial Age
31:12 Stone Shaft Mining
34:06 Conscription
33:08 Elite Mangudai
34:53 Chemistry
34:14 Ballistics
34:00 Siege Engineers
35:20 Scale Barding Armor
35:16 Padded Archer Armor
35:06 Fletching
36:16 Husbandry
36:26 Bloodlines
35:49 Light Cavalry
36:42 Caravan
RYOUSHI HAN
10:41 Feudal Age
11:12 Double-Bit Axe
11:10 Horse Collar
14:27 Arson
14:03 Man-at-Arms
16:53 Town Watch
20:02 Castle Age
21:44 Bow Saw
21:36 Heavy Plow
21:27 Gold Mining
21:35 Fletching
21:42 Elite Skirmisher
23:41 Bodkin Arrow
29:01 Imperial Age
27:22 Bodkin Arrow
27:28 Padded Archer Armor
29:06 Leather Archer Armor
29:01 Thumb Ring
29:53 Wheelbarrow
32:21 Chemistry
31:48 Bracer
32:34 Hand Cart
Zukomazi
0:31 Loom
12:46 Feudal Age
16:45 Wheelbarrow
18:43 Castle Age
16:57 Gold Mining
17:00 Stone Mining
19:06 Double-Bit Axe
19:08 Horse Collar
20:08 Heavy Plow
22:11 Bow Saw
32:24 Imperial Age
30:39 Wheelbarrow
29:54 Town Watch
31:15 Squires
30:49 Pikeman
32:08 Arson
35:00 Conscription
36:08 Hand Cart
35:56 Caravan
36:30 Fortified Wall
36:31 Masonry
37:22 Chemistry
36:34 Scale Mail Armor
36:45 Forging
36:42 Tigui
Dora Explora
10:29 Feudal Age
8:45 Loom
14:06 Double-Bit Axe
14:03 Horse Collar
15:34 Wheelbarrow
17:17 Gold Mining
17:18 Stone Mining
18:11 Wheelbarrow
21:44 Castle Age
22:46 Bow Saw
22:36 Heavy Plow
23:01 Caravan
27:44 Gold Shaft Mining
33:35 Imperial Age
32:18 Hand Cart
35:08 Stone Shaft Mining
35:26 Crop Rotation
35:03 Capped Ram
35:05 Pikeman
gokulsurya003
0:42 Loom
9:38 Feudal Age
12:19 Wheelbarrow
12:05 Double-Bit Axe
21:25 Castle Age
27:57 Hand Cart
29:53 Padded Archer Armor
29:43 Fletching
30:04 Forging
30:03 Scale Mail Armor
33:40 Imperial Age
32:54 Leather Archer Armor
32:36 Bodkin Arrow
小菜机
10:26 Feudal Age
17:04 Castle Age
16:01 Double-Bit Axe
23:35 Bow Saw
25:33 Gold Mining
29:19 Wheelbarrow
29:50 Scale Barding Armor
30:40 Hand Cart
33:15 Imperial Age
30:59 Horse Collar
33:20 Corvinian Army
33:48 Chain Barding Armor
33:28 Elite Magyar Huszar
34:33 Conscription
36:13 Plate Barding Armor
Jappe42
12:13 Feudal Age
15:52 Castle Age
13:37 Horse Collar
13:56 Double-Bit Axe
18:13 Heavy Plow
18:43 Bow Saw
21:47 Wheelbarrow
21:04 Loom
21:08 Town Watch
25:04 Scale Barding Armor
25:10 Forging
26:22 Husbandry
26:34 Bloodlines
27:37 Hand Cart
27:56 Szlachta Privileges
32:09 Imperial Age
30:48 Iron Casting
33:01 Chain Barding Armor
33:52 Chemistry
32:23 Cavalier
33:30 Lechitic Legacy
33:33 Conscription
34:38 Scale Mail Armor
35:38 Blast Furnace
34:29 Fletching
34:40 Padded Archer Armor
Tipu Sultan
0:28 Loom
14:00 Feudal Age
15:06 Horse Collar
15:15 Double-Bit Axe
15:26 Town Watch
21:28 Castle Age
21:11 Wheelbarrow
23:22 Gold Mining
23:22 Stone Mining
27:26 Imperial Age
27:27 Caravan
31:08 Bow Saw
36:23 Chemistry
35:50 Fletching
36:10 Forging
36:00 Scale Mail Armor
36:06 Scale Barding Armor
Connection lost

Rejoining the realm…

Still unreachable

The connection could not be restored.

Session expired

The server has moved on; the page needs a fresh start.